 Dungeon Crawl Stone Soup version 0.22-a0-614-g34fbaa0 (webtiles) character file.

2958 zhorgal the Grappler (level 9, -6/89 HPs)
             Began as a Troll Berserker on July 20, 2018.
             Was an Elder of Trog.
             Killed from afar by Erica (19 damage)
             ... with a bolt of poison
             ... on level 8 of the Dungeon.
             The game lasted 00:14:56 (6000 turns).

zhorgal the Grappler (Troll Berserker)              Turns: 6000, Time: 00:14:57

Health: -6/89      AC:  6    Str: 28    XL:     9   Next: 52%
Magic:  7/7        EV: 11    Int:  8    God:    Trog [****..]
Gold:   442        SH:  0    Dex:  9    Spells: 8/8 levels left

rFire    . . .     SeeInvis .     - Unarmed
rCold    . . .     Gourm    +   (no shield)
rNeg     . . .     Faith    .   a - +1 animal skin
rPois    .         Spirit   .   (helmet restricted)
rElec    .         Reflect  .   (no cloak)
rCorr    .         Harm     .   (gloves unavailable)
MR       ++...                  (boots unavailable)
Stlth    +.........             (no amulet)
HPRegen  1.64/turn              G - ring of wizardry
MPRegen  0.10/turn              y - +3 ring of intelligence

@: lethally poisoned (-6 -> -6), regenerating
A: large, unfitting armour, claws 3, hooves 1, fast metabolism 3, gourmand, low
mp 1, regeneration 1, shaggy fur 1, tough skin 2, wild magic 1, evolution 1
a: Berserk, Trog's Hand, Brothers in Arms, Renounce Religion


You were on level 8 of the Dungeon.
You worshipped Trog.
Trog was greatly pleased with you.
You were very hungry.

You visited 1 branch of the dungeon, and saw 8 of its levels.

You collected 442 gold pieces.

Inventory:

Missiles
 j - 151 stones (quivered)
 l - 17 poisoned needles
 n - 3 needles of confusion
 r - 6 javelins of penetration
 I - a throwing net
Armour
 a - a +1 animal skin (worn)
Jewellery
 w - an uncursed ring of fire
 y - a +3 ring of intelligence (right claw)
 G - a ring of wizardry (left claw)
Wands
 s - a wand of clouds (5)
 E - a wand of iceblast (7)
Scrolls
 e - a scroll of enchant weapon {unknown}
 i - 7 scrolls of remove curse {unknown}
 k - 8 scrolls of identify {unknown}
 m - a scroll of fear {unknown}
 o - a scroll of magic mapping {unknown}
 p - 2 scrolls of amnesia {unknown}
 z - 2 scrolls of teleportation {unknown}
 D - a scroll of holy word {unknown}
 F - a scroll of acquirement {unknown}
 H - a scroll of blinking {unknown}
Potions
 c - 3 potions of heal wounds {unknown}
 d - 5 potions of mutation
 f - a potion of might {unknown}
 g - 2 potions of ambrosia {unknown}
 h - 4 potions of agility {unknown}
 q - a potion of degeneration {unknown}
 t - a potion of flight {unknown}
 u - 2 potions of cancellation {unknown}
 v - 4 potions of curing {unknown}
 x - 3 potions of brilliance {unknown}
 A - a potion of berserk rage {unknown}
 B - 3 potions of haste
 C - a potion of lignification {unknown}
Comestibles
 b - 23 rations


   Skills:
 + Level 6.0 Fighting
 + Level 3.0 Armour
 + Level 4.0 Dodging
 * Level 10.5 Unarmed Combat


You had 8 spell levels left.
You didn't know any spells.
Your spell library contained the following spells:

 Spells                   Type           Power        Failure   Level  Hunger
 Summon Small Mammal      Summ           #...         22%         1    ##.....
 Summon Ice Beast         Ice/Summ       #.......     87%         4    #####..
 Call Imp                 Summ           #.......     32%         2    ###....
 Spider Form              Tmut/Pois      #.........   52%         3    ####...
 Blade Hands              Tmut           #.........   99%         5    ######.
 Ice Form                 Ice/Tmut       #.......     87%         4    #####..
 Sticks to Snakes         Tmut           #.......     32%         2    ###....
 Call Canine Familiar     Summ           #.......     52%         3    ####...
 Beastly Appendage        Tmut           #.....       22%         1    ##.....
 Summon Lightning Spire   Summ/Air       #.......     87%         4    #####..
 Summon Guardian Golem    Hex/Summ       #.......     52%         3    ####...


Dungeon Overview and Level Annotations

Branches:
Dungeon (8/15)             Temple (0/1) D:7
   Lair: D:8-11

Altars:
Ashenzari
Fedhas
Kikubaaqudgha
Makhleb
Okawaru
Qazlal
Trog
Vehumet
Xom

Annotations:
D:6 1 transporter, pmoppi's ghost, novice VSAs
D:8 Erica


Innate Abilities, Weirdness & Mutations

You are too large for most types of armour.
You have claws for hands.
Your metabolism is lightning-fast.
You like to eat raw meat.
Your natural rate of healing is unusually fast.
You are covered in fur. (AC +1)
You have very tough skin. (AC +2)
You have large cloven feet.
Your magical capacity is low. (-10% MP)
Your spells are a little harder to cast, but a little more powerful.
You evolve.


Message History

Trog accepts your kill.
Your Fighting skill increases to level 6!
Your Armour skill increases to level 3!
Your Dodging skill increases to level 4!
You closely miss something. Your claw misses something. Something hits you!
* * * LOW HITPOINT WARNING * * *
Something burns you.
* * * LOW HITPOINT WARNING * * *
You take 9 damage, and have 13/89 hp.
Okay, then.
It was a potion of mutation.
You feel extremely strange.
You feel less energetic.
Your feet thicken and deform.
You feel nature experimenting on you.
Don't worry, failures die fast.
You feel less in control of your magic.
You feel sick.
You hear some strange, mumbled words.
A bolt of poison appears from out of thin air!
The bolt of poison hits you!
You are more poisoned.
You die...

..#.# #.#####
#.#.#### #.# #
#.#.##<# #.# #
#...##.#######.## #
#..##.†........####
#..########........
##y# #.##.##.. #†#
#.##..... #@###
#.#####..
#...######.# #.#
###.##.....# #..
#.##.##### ###
#....# ######


You could see a killer bee.

Vanquished Creatures
  An ugly thing (D:8)
  A hippogriff (D:8)
  A hungry ghost (D:7)
  2 humans (D:7)
  Edmund (D:6)
  An orc warrior (D:6)
  A sky beast (D:8)
  An ice beast (D:5)
  2 centaurs
  2 ogres (D:7)
  2 bullfrogs
  A big kobold (D:3)
  A scorpion (D:7)
  4 killer bees (D:8)
  4 wights (D:4)
  A howler monkey (D:4)
  A centaur zombie (D:6)
  2 crimson imps (D:6)
  4 jellies
  An orc priest (D:5)
  A bullfrog skeleton (D:4)
  3 worker ants
  2 orc wizards
  A worker ant zombie (D:5)
  8 adders
  4 gnolls (D:2)
  3 shadow imps
  An adder zombie (D:7)
  An adder skeleton (D:4)
  5 worms
  5 dart slugs
  A leopard gecko (D:1)
  16 orcs
  2 giant cockroaches
  7 goblins
  4 hobgoblins
  6 jackals
  11 kobolds
  4 quokkas
  A ball python (D:3)
  4 bats
  5 frilled lizards
  6 rats
135 creatures vanquished.

Notes
Turn   | Place    | Note
-------+----------+-------------------------------------------
     0 | D:1      | zhorgal the Troll Berserker began the quest for the Orb.
     0 | D:1      | Reached XP level 1. HP: 22/22 MP: 0/0
   699 | D:1      | Reached XP level 2. HP: 29/29 MP: 1/1
   991 | D:2      | Reached skill level 4 in Unarmed Combat
  1144 | D:2      | Reached XP level 3. HP: 36/36 MP: 2/2
  1171 | D:2      | Reached ** piety under Trog
  1171 | D:2      | Reached XP level 4. HP: 38/44 MP: 3/3
  1203 | D:2      | Reached skill level 5 in Unarmed Combat
  1640 | D:3      | Noticed a big kobold
  1646 | D:3      | Killed a big kobold
  1646 | D:3      | Reached XP level 5. HP: 41/52 MP: 4/4
  1680 | D:3      | Found a bloodstained altar of Trog.
  1771 | D:3      | Reached skill level 6 in Unarmed Combat
  1880 | D:3      | Found a shimmering altar of Xom.
  1885 | D:3      | Found a stormy altar of Qazlal.
  1942 | D:3      | Reached XP level 6. HP: 58/61 MP: 5/5
  1990 | D:3      | Reached *** piety under Trog
  1995 | D:3      | Found an ancient bone altar of Kikubaaqudgha.
  2631 | D:4      | Found a blossoming altar of Fedhas.
  3008 | D:4      | Found a shattered altar of Ashenzari.
  3081 | D:5      | Entered Level 5 of the Dungeon
  3101 | D:4      | Reached skill level 7 in Unarmed Combat
  3185 | D:4      | Reached XP level 7. HP: 59/68 MP: 6/6
  3471 | D:5      | Reached skill level 8 in Unarmed Combat
  4166 | D:6      | Found a burning altar of Makhleb.
  4167 | D:6      | Found a radiant altar of Vehumet.
  4219 | D:6      | Noticed Edmund
  4247 | D:6      | Killed Edmund
  4247 | D:6      | Reached XP level 8. HP: 10/79 MP: 7/7
  4427 | D:6      | Reached skill level 5 in Fighting
  4427 | D:6      | Reached skill level 9 in Unarmed Combat
  4480 | D:6      | Reached **** piety under Trog
  4597 | D:6      | Noticed pmoppi's ghost (novice VSAs)
  4615 | D:6      | Found a transporter.
  4986 | D:7      | Reached skill level 1 in Armour
  5049 | D:7      | Found a staircase to the Ecumenical Temple.
  5156 | D:7      | Found an iron altar of Okawaru.
  5180 | D:7      | Reached XP level 9. HP: 13/88 MP: 8/8
  5182 | D:7      | HP: 6/132 [orc/rapier (7)]
  5420 | D:7      | Found a blossoming altar of Fedhas.
  5700 | D:7      | Reached skill level 10 in Unarmed Combat
  5846 | D:8      | Noticed a purple ugly thing
  5869 | D:8      | Killed a purple ugly thing
  5983 | D:8      | Noticed Erica
  6000 | D:8      | Gained mutation: Your magical capacity is low. (-10% MP) [potion of mutation]
  6000 | D:8      | Gained mutation: You have large cloven feet. [potion of mutation]
  6000 | D:8      | Gained mutation: You evolve. [potion of mutation]
  6000 | D:8      | Gained mutation: Your spells are a little harder to cast, but a little more powerful. [potion of mutation]
  6000 | D:8      | Killed from afar by Erica

Vault maps used:
D:1:      minmay_arrival_glassed_features
D:3:      lemuel_doored_altar, minitemple, lemuel_statue_altar
D:4:      lemuel_round_altar, fedhas_altar_2, first_ration
D:6:      grunt_temple_overflow_lords_of_destruction,
          gammafunk_ghost_stat_death, uniq_edmund
D:7:      okawaru_humans, minmay_temple_entry_hall, basic_altar,
          grunt_ogre_cave, minmay_stone_trees_medium
D:8:      serial_shops, nicolae_shop_behind_doors, uniq_erica

Skill      XL: |  1  2  3  4  5  6  7  8  9 |
---------------+----------------------------+-----
Unarmed Combat | 4 5 6 7 8 9 10 | 10.5
Fighting       | 3 4 5 6 |  6.0
Armour         | 2 3 |  3.0
Dodging        | 3 4 |  4.0

Action                   |  1- 3 |  4- 6 |  7- 9 || total
-------------------------+-------+-------+-------++-------
Melee: Unarmed           |    83 |   149 |   190 ||   422
       Punch             |     1 |       |     9 ||    10
Invok: Berserk           |       |     1 |     2 ||     3
       Trog's Hand       |       |       |     1 ||     1
  Use: Scroll            |       |       |     2 ||     2
       Potion            |       |       |     1 ||     1
 Stab: Sleeping          |       |     1 |       ||     1
  Eat: Chunk             |    12 |    22 |    22 ||    56
       Ration            |       |       |     1 ||     1
Armor: Animal skin       |    24 |    40 |    46 ||   110
Dodge: Dodged            |    42 |    76 |    78 ||   196

Table legend:
 A = Spawn XP
 B = Non-spawn XP
 C = Spawn XP percentage of total XP
 D = Spawn monster count
 E = Non-spawn monster count
 F = Spawn count percentage of total count
 G = Total turns spent on level
                    A         B        C        D         E        F      G
               +---------+---------+-------+---------+---------+-------+---------
         Total |       0 |    4227 |   0.0 |       0 |     135 |   0.0 |  6000
               +---------+---------+-------+---------+---------+-------+---------
           D:1 |       0 |      19 |   0.0 |       0 |      12 |   0.0 |   955
           D:2 |       0 |     116 |   0.0 |       0 |      25 |   0.0 |   656
           D:3 |       0 |     276 |   0.0 |       0 |      31 |   0.0 |   870
           D:4 |       0 |     451 |   0.0 |       0 |      16 |   0.0 |   719
           D:5 |       0 |     455 |   0.0 |       0 |      14 |   0.0 |   834
           D:6 |       0 |     653 |   0.0 |       0 |      17 |   0.0 |   908
           D:7 |       0 |    1127 |   0.0 |       0 |      13 |   0.0 |   871
           D:8 |       0 |    1130 |   0.0 |       0 |       7 |   0.0 |   187
               +---------+---------+-------+---------+---------+-------+---------
